[Event "*** Titled Tuesday Blitz"]
[Site "Chess.com"]
[Date "2019.07.02"]
[Round "8"]
[White "CalinGheorghiu"]
[Black "novocane"]
[Result "0-1"]
[WhiteElo "2279"]
[BlackElo "2263"]
[TimeControl "180+2"]
[EndTime "14:47:59 PDT"]
[Termination "novocane won by checkmate"]

1. d4 Nf6 2. c4 e6 3. Nc3 Bb4 4. f3 c5 5. d5 d6 6. e4 b5 7. Ne2 bxc4 8. Nf4 e5 9. Ne2 Nbd7 10.
Ng3 Nb6 11. Be2 h6 12. O-O O-O 13. f4 exf4 14. Bxf4 Qe7 15. Qc2 Re8 16. Bf3 Nbd7 17. Nf5 Qd8 18. Nxd6 Ne5 19. Nxe8 Qxe8 20. Be2 Ba6 21.
Rae1 Nd3 22. Bxd3 cxd3 23. Qd2 c4 24. d6 Bb7 25. e5 Nd5 26. Bg3 Qc6 27. Nxd5 Qxd5 28.
Qf2 Bc5 29. Qxc5 Qxg2# 0-1

[Event "*** Titled Tuesday Blitz"]
[Site "Chess.com"]
[Date "2019.07.02"]
[Round "8"]
[White "Airquake"]
[Black "Th3ChessViking"]
[Result "1-0"]
[WhiteElo "2660"]
[BlackElo "2475"]
[TimeControl "180+2"]
[EndTime "14:48:04 PDT"]
[Termination "Airquake won on time"]

1. g3 d5 2. Bg2 c6 3. Nf3 Nf6 4. O-O Bf5 5. d3 e6 6. Nbd2 h6 7. b3 a5 8. a4 Na6 9. Bb2 Be7 10. Re1 Bh7 11. e4 O-O 12. Qe2 Re8 13. Rad1 Nb4 14. e5 Nd7 15. Nf1 Qb6 16. h4 Bf8 17. g4 c5 18. h5 Be7 19. Ng3 d4 20. Qd2 Nd5 21. g5 Bf8 22. Kh2 Qb4 23. Qc1 Nc3 24. Rd2 Nd5 25.
Rde2 Qb6 26. Ne4 Qc7 27. Ned2 Rab8 28. Nc4 b5 29. axb5 Rxb5 30. gxh6 gxh6 31. Kh1 Kh8 32. Nd6 Bxd6 33. exd6 Qxd6 34. Qxh6 Nf4 35. Ng5 1-0

[Event "*** Titled Tuesday Blitz"]
[Site "Chess.com"]
[Date "2019.07.02"]
[Round "8"]
[White "shnitez"]
[Black "Bryakin_Mikhail"]
[Result "0-1"]
[WhiteElo "2584"]
[BlackElo "2678"]
[TimeControl "180+2"]
[EndTime "14:48:05 PDT"]
[Termination "Bryakin_Mikhail won by resignation"]

1. e4 c6 2. Nc3 d5 3. Nf3 Nf6 4. e5 Ne4 5. Ne2 Qb6 6. d4 h6 7.
Ng3 Nxg3 8. hxg3 Bf5 9. Bd3 Bxd3 10. Qxd3 e6 11. g4 c5 12. c3 Nc6 13. a3 cxd4 14.
cxd4 Rc8 15. g5 Na5 16. b4 Nc4 17. g4 a5 18. bxa5 Qxa5+ 19. Kf1 b5 20. Kg2 b4 21. Bd2 Nxa3 22. Rxa3 Qxa3 23. Qb5+ Kd8 24. Qb6+ Kd7 25. Qb5+ Rc6 26. Qb7+ Rc7 27. Qb5+ Rc6 28.
Qb7+ Rc7 29. Qb5+ Kc8 30. Qe8+ Kb7 31. Qb5+ Ka7 32. Rb1 Be7 33. Bxb4 Qa6 34. Bxe7 Qxb5 35. Rxb5 Rxe7 36. gxh6 Rxh6 37. Nd2 Rc7 38. Nb3 Rh4 39. Kg3 Rh1 40. Nc5 Rd1 41. Rb4 Rc1 42. Nb3 R1c4 43. Rb5 Rb7 44. Rxb7+ Kxb7 45. Na5+ Kb6 46. Nxc4+ dxc4 47. Kf3 Kb5 48. Ke3 Kb4 49. Kd2 Kb3 50. Kc1 Kc3 51. d5 exd5 52. g5 g6 53. f4 Kd4 54.
f5 Kxe5 0-1

[Event "*** Titled Tuesday Blitz"]
[Site "Chess.com"]
[Date "2019.07.02"]
[Round "8"]
[White "CMS13"]
[Black "nubair1198"]
[Result "0-1"]
[WhiteElo "1941"]
[BlackElo "2635"]
[TimeControl "180+2"]
[EndTime "14:48:05 PDT"]
[Termination "nubair1198 won by checkmate"]

1. e4 Nf6 2. Nc3 d5 3. e5 d4 4. exf6 dxc3 5. bxc3 exf6 6. Nf3 Bg4 7. Be2 Bd6 8. O-O O-O 9. d4 Re8 10. h3 Bh5 11.
Be3 c6 12. Rb1 Qc7 13. Nh4 Bxe2 14. Qxe2 g6 15. Qf3 Nd7 16. Rfe1 Kg7 17. Qg4 h5 18. Qd1 Re6 19. Qd3 Rae8 20. Nf3 a6 21. c4 Re4 22. Nd2 R4e7 23. c5 Bh2+ 24. Kh1 Bf4 25. Nc4 Re4 26.
Red1 f5 27. Bxf4 Qxf4 28. Nd6 Qxf2 29. Nxe8+ Rxe8 30. Rxb7 Nf6 31. Qc4 Nd5 32. Qf1 Qxc2 33. Re1 Re4 34. Rxe4 Qxe4 35. Qf2 h4 36. Ra7 Nf4 37.
Rxa6 Nxh3 38. Qf3 Qe1+ 39. Kh2 Qg1+ 40. Kxh3 Qh1# 0-1

[Event "*** Titled Tuesday Blitz"]
[Site "Chess.com"]
[Date "2019.07.02"]
[Round "8"]
[White "warmoatmeal"]
[Black "doons21"]
[Result "0-1"]
[WhiteElo "1810"]
[BlackElo "2420"]
[TimeControl "180+2"]
[EndTime "14:48:06 PDT"]
[Termination "doons21 won by resignation"]

1. d4 Nf6 2. Nf3 g6 3. c4 Bg7 4. Nc3 O-O 5. Bg5 d6 6. e3 c6 7.
Be2 Na6 8. O-O Nc7 9. Qc2 Ne6 10. Bh4 c5 11. Rfd1 cxd4 12. exd4 Nf4 13. Bf1 Bf5 14. Qd2 Ne6 15. d5 Nc5 16. Nd4 Bg4 17. h3 Bxd1 18. Rxd1 Re8 19. b4 Nce4 20. Nxe4 Nxe4 21. Qe3 Nf6 22.
Bg3 Rc8 23. Nb5 a6 24. Nd4 Qb6 25. a3 Nd7 26. Be2 Ne5 27. Bxe5 Bxe5 28. Bg4 Rxc4 29. Nf5 Qxe3 30. Nxe3 Rc3 31. a4 Bf4 32. Nf1 f5 33. Be2 Rec8 34. g3 Bh6 35. b5 a5 36. b6 Rc1 37.
Rd4 Re1 38. Bb5 Bg7 39. Rd3 Rc3 40. Rxc3 Bxc3 41. Bc6 Bd4 42. Bxb7 Bxb6 43. Bc6 Rc1 44. Kg2 Rc2 45. Nh2 Rxf2+ 46. Kh1 Kf8 47. Kg1 Rc2+ 48. Kh1 e5 49. Nf3 e4 50. Ng5 e3 0-1

[Event "*** Titled Tuesday Blitz"]
[Site "Chess.com"]
[Date "2019.07.02"]
[Round "8"]
[White "Jospem"]
[Black "Yoshkinkot"]
[Result "1-0"]
[WhiteElo "2850"]
[BlackElo "2542"]
[TimeControl "180+2"]
[EndTime "14:48:08 PDT"]
[Termination "Jospem won by resignation"]

1. a3 Nf6 2. h3 d5 3. b3 e5 4.
Bb2 Bd6 5. e3 Bf5 6. d3 h6 7. g3 c6 8. Bg2 O-O 9. Nd2 Re8 10. Ne2 Nbd7 11. O-O a5 12. Kh2 Bh7 13. e4 Nc5 14. Nc3 dxe4 15. dxe4 b5 16. Re1 a4 17. b4 Ne6 18. Ne2 c5 19. c4 cxb4 20. cxb5 b3 21. Nc4 Bc5 22. Bxe5 Nxe4 23. f4 f6 24. Bb2 Rb8 25.
Nc3 Nxc3 26. Bxc3 Bd3 27. Na5 Rxb5 28. Bc6 Rxa5 29. Bxa5 Qxa5 30. Qxd3 Rd8 31. Qc4 Qd2+ 32. Re2 Qd4 33. Qxe6+ Kh7 34. Be4+ Kh8 35. Rf1 b2 36. Qf5 Kg8 37. Qh7+ Kf7 38. Bg6+ 1-0

[Event "*** Titled Tuesday Blitz"]
[Site "Chess.com"]
[Date "2019.07.02"]
[Round "8"]
[White "BakaPG"]
[Black "chesstatour"]
[Result "1-0"]
[WhiteElo "2707"]
[BlackElo "2025"]
[TimeControl "180+2"]
[EndTime "14:48:08 PDT"]
[Termination "BakaPG won on time"]

1. e4 c6 2. d4 d5 3. Nd2 dxe4 4. Nxe4 Nf6 5. Nxf6+ gxf6 6. Qd3 Qd5 7. c4 Qf5 8. Qb3 Qe4+ 9. Be3 Bh6 10. Nf3 Bxe3 11. Qxe3 Qxe3+ 12. fxe3 Bf5 13. Be2 Rg8 14.
O-O Nd7 15. g3 O-O-O 16. b4 Be4 17. a4 b6 18. a5 Kb7 19. Nd2 Bg6 20. Bf3 e5 21.
axb6 axb6 22. d5 e4 23. dxc6+ Kxc6 24. Nxe4 Ne5 25. Bg2 Bxe4 26. Bxe4+ Kd6 27. Rxf6+ Ke7 28. Rxb6 Nxc4 29. Rb7+ Rd7 30. Rc1 Rxb7 31. Bxb7 Nd6 32. Bd5 Kf6 33. Rc6 Ke5 34. Rc5 Kf6 35. b5 Rb8 36. Bc6 Ke7 37. Rh5 Rh8 38. Kf2 h6 39. g4 Kf6 40. h4 Kg7 41. Kf3 Rb8 42. Rd5 1-0

[Event "*** Titled Tuesday Blitz"]
[Site "Chess.com"]
[Date "2019.07.02"]
[Round "8"]
[White "Chesstrainer1"]
[Black "theblitzchamp"]
[Result "1-0"]
[WhiteElo "2456"]
[BlackElo "2610"]
[TimeControl "180+2"]
[EndTime "14:48:08 PDT"]
[Termination "Chesstrainer1 won by checkmate"]

1. d4 Nf6 2. c4 d6 3. Nf3 g6 4. Nc3 Bg7 5. e4 O-O 6. Be2 e5 7. d5 a5 8. Bg5 Na6 9. Nd2 Qe8 10.
h4 Nd7 11. h5 f6 12. Be3 f5 13. exf5 gxf5 14. f3 h6 15. g4 Ndc5 16. gxf5 Bxf5 17.
Nde4 Nxe4 18. fxe4 Bh7 19. Qc2 Nc5 20. O-O-O Kh8 21.
Rdg1 Qd7 22. Bg4 Qe7 23. Bf5 Rf6 24. Rg6 Raf8 25. Qd2 Rxf5 26. exf5 Rxf5 27. Bxh6 Bxg6 28. hxg6 Kg8 29. Be3 Qf6 30. Qg2 Nd3+ 31. Kc2 Nf4 32. Bxf4 exf4 33. Re1 Re5 34. Rxe5 Qxe5 35. Qh3 Bf8 36.
Qh7# 1-0

[Event "*** Titled Tuesday Blitz"]
[Site "Chess.com"]
[Date "2019.07.02"]
[Round "8"]
[White "ElGasanov"]
[Black "wadsy27"]
[Result "1-0"]
[WhiteElo "2736"]
[BlackElo "2470"]
[TimeControl "180+2"]
[EndTime "14:48:09 PDT"]
[Termination "ElGasanov won by resignation"]

1. Nf3 Nf6 2. c4 c6 3. Nc3 d5 4. d4 dxc4 5. Ne5 b5 6. g3 Nfd7 7. f4 Nxe5 8. fxe5 a6 9. Bg2 e6 10. a4 b4 11. Ne4 Nd7 12. O-O Be7 13. Qc2 Nb6 14. a5 Nd5 15. Qxc4 O-O 16. Nc5 Bg5 17. Qb3 Bxc1 18. Rfxc1 Rb8 19. Ne4 Rb5 20. Rc5 Rxc5 21.
Nxc5 Qg5 22. Qd3 Rd8 23. Ne4 Qg6 24. Rc1 Bb7 25. Nc5 Qxd3 26. Nxd3 Ne7 27. e3 Nd5 28. Kf2 Kf8 29. Rc4 Ke7 30. Nxb4 Rc8 31. Nd3 Rc7 32. e4 1-0

[Event "*** Titled Tuesday Blitz"]
[Site "Chess.com"]
[Date "2019.07.02"]
[Round "8"]
[White "LarissaSteenbekkers"]
[Black "ChainsOfFantasia"]
[Result "0-1"]
[WhiteElo "1979"]
[BlackElo "2443"]
[TimeControl "180+2"]
[EndTime "14:48:18 PDT"]
[Termination "ChainsOfFantasia won on time"]

1. e4 e6 2. d4 d5 3. Nd2 c5 4.
exd5 Qxd5 5. Ngf3 cxd4 6. Bc4 Qd7 7. Nb3 Nc6 8. Nbxd4 a6 9. O-O Nxd4 10. Nxd4 Qc7 11.
Qe2 Bd6 12. Nf5 Bxh2+ 13. Kh1 Be5 14. f4 exf5 15. fxe5 Be6 16. Bd3 Ne7 17. Bg5 g6 18.
Bf6 Rg8 19. Rad1 O-O-O 20. Bxa6 bxa6 21. Qxa6+ Kb8 22. Rd6 Nc8 23. Rc6 Qb7 24. Rf3 Qxa6 25. Rxa6 Rd1+ 26. Kh2 Kb7 27. Rfa3 g5 28. b3 Rg6 29.
Kg3 f4+ 30. Kf2 g4 31. Ke2 Rg1 32. Ra8 Rxg2+ 33. Kd3 Bf5+ 34. Kd4 Rf2 35. Kc5 Rxc2+ 36. Kb4 g3 37. Be7 Rb6+ 38. Ka5 Kxa8 0-1

[Event "*** Titled Tuesday Blitz"]
[Site "Chess.com"]
[Date "2019.07.02"]
[Round "8"]
[White "przemekpiotrowski"]
[Black "MateusViageiro"]
[Result "1-0"]
[WhiteElo "2325"]
[BlackElo "2169"]
[TimeControl "180+2"]
[EndTime "14:48:21 PDT"]
[Termination "przemekpiotrowski won by resignation"]

1. d4 Nf6 2. Nf3 g6 3. g3 Bg7 4. Bg2 O-O 5. O-O d5 6. c4 c6 7. cxd5 cxd5 8. Nc3 Nc6 9. Ne5 Re8 10. Bf4 Be6 11.
Nxc6 bxc6 12. Rc1 Rc8 13. Na4 Nh5 14. Be3 Nf6 15. Nc5 Bf5 16. Qa4 Qb6 17. b4 Ng4 18. Qb3 Nxe3 19. Qxe3 e5 20. dxe5 Rxe5 21. Qd2 Rce8 22. e3 R5e7 23. a3 Rd8 24. Rfd1 Ree8 25. Nb3 Bg4 26. Re1 h5 27. h3 Bf5 28. Red1 Bc8 29. Nd4 Bb7 30. h4 Bf8 31. Nb3 Ba6 32.
Qd4 Qb5 33. Nc5 Bxc5 34. Rxc5 Qb7 35. Rdc1 Bb5 36. Bf1 a6 37. Bxb5 cxb5 38. Rc7 Qa8 39. Ra7 Qb8 40. Rcc7 Rf8 41. Qf6 1-0

[Event "*** Titled Tuesday Blitz"]
[Site "Chess.com"]
[Date "2019.07.02"]
[Round "8"]
[White "Etoilegeniale"]
[Black "GrigorGrigorov"]
[Result "1/2-1/2"]
[WhiteElo "2515"]
[BlackElo "2776"]
[TimeControl "180+2"]
[EndTime "14:48:28 PDT"]
[Termination "Game drawn by repetition"]

1. e4 c6 2. d4 d5 3. exd5 cxd5 4. Bd3 Nf6 5. c3 Bg4 6. Qb3 Qd7 7. Nd2 Nc6 8. Ngf3 e6 9. O-O Bd6 10. h3 Bh5 11.
Re1 O-O 12. Ne5 Qc7 13. Ndf3 Bg6 14. Nxg6 hxg6 15. Bd2 Rab8 16. Re2 b5 17. a3 Na5 18. Qc2 Nc4 19. Rae1 Bf4 20. Bxf4 Qxf4 21. Ne5 Nxe5 22. Rxe5 Nd7 23. R5e3 Qd6 24. h4 Nf6 25. Qe2 a6 26.
Re5 Nd7 27. Re3 Nf6 28. Re5 Rfe8 29. g3 Qc6 30. Kg2 a5 31. Rh1 b4 32. axb4 axb4 33. h5 gxh5 34. Rexh5 Nxh5 35. Qxh5 Kf8 36. Qg5 Kg8 37. Bh7+ Kf8 38. Bd3 Kg8 39. Bh7+ Kf8 40. Bd3 1/2-1/2

[Event "*** Titled Tuesday Blitz"]
[Site "Chess.com"]
[Date "2019.07.02"]
[Round "8"]
[White "Sajkochess"]
[Black "sandager"]
[Result "0-1"]
[WhiteElo "2235"]
[BlackElo "2124"]
[TimeControl "180+2"]
[EndTime "14:48:29 PDT"]
[Termination "sandager won by resignation"]

1. d4 Nf6 2. Nf3 g6 3. c4 Bg7 4. Nc3 d5 5. e3 O-O 6. Qb3 dxc4 7. Bxc4 Nc6 8. d5 Na5 9. Qa4 Nxc4 10. Qxc4 e6 11. e4 exd5 12. Nxd5 Nxd5 13. Qxd5 Qxd5 14. exd5 Rd8 15. Bf4 Rxd5 16. Bxc7 Bxb2 17. Rd1 Rxd1+ 18. Kxd1 Be6 19. Kc2 Rc8 20. Kxb2 Rxc7 21. Rd1 Rd7 22. Rxd7 Bxd7 23. Ne5 Be6 24. a3 Kf8 25. Nd3 Ke7 26. Kc3 Kd6 27. Kd4 b6 28. f4 f6 29.
g3 Bd5 30. Nb4 Bg2 31. Nc2 b5 32. h4 h5 33. Ne3 Bc6 34. g4 hxg4 35. Nxg4 Ke7 36. Kc5 Bd7 37. Ne3 Ke6 38. Nd5 Kf5 39. Kd6 Be6 40. Ne7+ Kxf4 41. Kxe6 g5 42. h5 g4 43. h6 g3 44. h7 g2 45. h8=N g1=Q 0-1

[Event "*** Titled Tuesday Blitz"]
[Site "Chess.com"]
[Date "2019.07.02"]
[Round "8"]
[White "ozates"]
[Black "moro182"]
[Result "0-1"]
[WhiteElo "2333"]
[BlackElo "2804"]
[TimeControl "180+2"]
[EndTime "14:48:35 PDT"]
[Termination "moro182 won by resignation"]

1. e4 e5 2. Nf3 Nc6 3. Bc4 Bc5 4. c3 Nf6 5. d3 d6 6. Bb3 a6 7. Nbd2 Be6 8. h3 O-O 9. Nf1 d5 10. Qe2 d4 11. g4 a5 12. Bc2 a4 13. a3 Nd7 14. Ng3 dxc3 15. bxc3 Na5 16. Ng5 Nb3 17. Nxe6 fxe6 18. Bxb3 Bxf2+ 19. Qxf2 Rxf2 20. Bxe6+ Kh8 21. Kxf2 Qf6+ 22. Bf5 g6 23. Be3 Rd8 24. Ke2 Nb6 25. Rhf1 Qc6 26. Bg5 Rf8 27. Bd7 Nxd7 28. Rxf8+ Nxf8 29.
Rf1 Kg8 30. Be7 Ne6 31. Bb4 Qd7 32. Rd1 c5 33. Ba5 Qb5 34. Bb4 cxb4 35. axb4 a3 36. Ra1 Nf4+ 37. Ke3 Qxd3+ 0-1

[Event "*** Titled Tuesday Blitz"]
[Site "Chess.com"]
[Date "2019.07.02"]
[Round "8"]
[White "MathiasWomacka"]
[Black "Aleksandr_Kholin"]
[Result "1/2-1/2"]
[WhiteElo "2325"]
[BlackElo "2390"]
[TimeControl "180+2"]
[EndTime "14:48:38 PDT"]
[Termination "Game drawn - insufficient material"]

1. e4 c5 2. Nf3 d6 3. d4 cxd4 4. Nxd4 Nf6 5. Nc3 a6 6. Be2 e5 7. Nb3 Be7 8. O-O Be6 9. f4 exf4 10.
Bxf4 Nc6 11. Kh1 O-O 12. Qe1 d5 13. exd5 Nxd5 14. Rd1 Bb4 15. Qg3 Bxc3 16. bxc3 Qf6 17. Bd6 Qg6 18. Qxg6 hxg6 19. Bxf8 Rxf8 20. Bf3 Ne3 21.
Nc5 Bxa2 22. Ra1 Nxf1 23. Rxa2 Nd2 24. Bxc6 bxc6 25. Rxa6 Re8 26. Kg1 Re1+ 27. Kf2 Rc1 28. Ke3 Nf1+ 29. Kd3 Nxh2 30. Rxc6 Rg1 31. Rc8+ Kh7 32.
Ne4 f6 33. c4 Rxg2 34. c5 Nf3 35. c6 f5 36. Nc5 Ne5+ 37. Kc3 Nxc6 38. Rxc6 g5 39.
Ne6 f4 40. Rc7 Kg6 41. Rxg7+ Kf6 42. Rxg5 Rxg5 43. Nxg5 Kxg5 44. Kd3 f3 45. Ke3 Kg4 46. Kf2 Kf4 47. c4 Ke4 48. c5 Kd5 49. Kxf3 Kc6 50. Ke4 Kxc5 1/2-1/2

[Event "*** Titled Tuesday Blitz"]
[Site "Chess.com"]
[Date "2019.07.02"]
[Round "8"]
[White "GelmanAlexander"]
[Black "Palacios-LLera"]
[Result "1-0"]
[WhiteElo "2561"]
[BlackElo "2412"]
[TimeControl "180+2"]
[EndTime "14:48:40 PDT"]
[Termination "GelmanAlexander won by checkmate"]

1. d4 d5 2. Nc3 Bf5 3. f3 Nf6 4. g4 Bg6 5. h4 h5 6. g5 Ng8 7. e4 c6 8. Nh3 e6 9. Nf4 Ne7 10. Be3 Nd7 11. Qe2 Qc7 12. Bh3 O-O-O 13. O-O-O a6 14. Kb1 b5 15. Nd3 Kb7 16. Bf4 Qb6 17.
a3 Qxd4 18. Be3 Qc4 19. Qe1 dxe4 20. fxe4 Nd5 21. exd5 cxd5 22. Bf1 Qc6 23. Nb4 Bxb4 24. axb4 Ne5 25. Bc5 Nd7 26. Bd4 Rhg8 27. Rh3 Rc8 28. Qf2 Qd6 29. Bg2 Qxb4 30. Nxd5 exd5 31. Bxd5+ Kc7 32.
Rc3+ Kd8 33. Bxf7 Bxf7 34. Qxf7 Rf8 35. Bb6+ Rc7 36. Qxd7# 1-0

[Event "*** Titled Tuesday Blitz"]
[Site "Chess.com"]
[Date "2019.07.02"]
[Round "8"]
[White "OglazaOskar2005"]
[Black "TheCavemanChesss"]
[Result "0-1"]
[WhiteElo "2271"]
[BlackElo "2431"]
[TimeControl "180+2"]
[EndTime "14:48:42 PDT"]
[Termination "TheCavemanChesss won by checkmate"]

1. e4 c5 2. Nf3 d6 3. d4 cxd4 4. Nxd4 Nf6 5. Nc3 a6 6. h3 e6 7. g4 h6 8. Bg2 Be7 9. Be3 Qc7 10. Qe2 Nc6 11. O-O-O Bd7 12. f4 Rc8 13. Rhe1 b5 14. Nxc6 Bxc6 15. Bd4 b4 16. Nd5 exd5 17. exd5 Bb5 18.
Qf2 O-O 19. g5 hxg5 20. fxg5 Nh5 21. Bf3 Nf4 22. Kb1 Bxg5 23. Be4 f5 24. Bf3 Rfe8 25. Rg1 Bh6 26. Qh4 Qxc2+ 27. Ka1 Be2 28. Bxe2 Nxe2 29.
Bxg7 Bxg7 30. Rxg7+ Kxg7 31. Qg5+ Kf7 32. Qh5+ Ke7 33.
Qg5+ Kd7 34. Qg7+ Kd8 35. Qf6+ Kd7 36. Qg7+ Re7 37. Qd4 Qc1+ 38. Rxc1 Rxc1# 0-1

[Event "*** Titled Tuesday Blitz"]
[Site "Chess.com"]
[Date "2019.07.02"]
[Round "8"]
[White "STARMATEcc"]
[Black "axvesik"]
[Result "1-0"]
[WhiteElo "2552"]
[BlackElo "2442"]
[TimeControl "180+2"]
[EndTime "14:48:42 PDT"]
[Termination "STARMATEcc won by resignation"]

1. e4 e6 2. d4 d5 3. Nc3 Bb4 4. Bd3 dxe4 5. Bxe4 Nf6 6. Bf3 c5 7. a3 Bxc3+ 8. bxc3 Nc6 9. Ne2 e5 10. Bxc6+ bxc6 11.
dxc5 Qxd1+ 12. Kxd1 Bf5 13. Be3 O-O-O+ 14. Kc1 Be4 15. f3 Bd5 16. Rb1 Bc4 17. Ng3 Nd5 18. Bd2 Kc7 19. Nf5 Rb8 20. Nd6 Rxb1+ 21. Kxb1 Rb8+ 22. Ka1 Ba6 23. Nxf7 Re8 24. c4 Nf6 25. Nxe5 Nd7 26. Re1 Nxe5 27. Bf4 Bxc4 28. Bxe5+ Kc8 29. Kb2 g6 30. Kc3 Bf7 31. Kd4 Re7 32.
h4 Bd5 33. c4 Bf7 34. g4 Rd7+ 35. Bd6 Rb7 36. Re4 Kd8 37. Ke5 Rb3 38. Rf4 Ke8 39.
Kf6 Re3 40. Kg7 Bxc4 41. Rxc4 1-0

[Event "*** Titled Tuesday Blitz"]
[Site "Chess.com"]
[Date "2019.07.02"]
[Round "8"]
[White "chess4life23"]
[Black "Squirlolz"]
[Result "0-1"]
[WhiteElo "2332"]
[BlackElo "2505"]
[TimeControl "180+2"]
[EndTime "14:48:51 PDT"]
[Termination "Squirlolz won by resignation"]

1. d4 Nf6 2. c4 b6 3. Nf3 Bb7 4. a3 g6 5. Nc3 Bg7 6. d5 e6 7. e4 exd5 8. exd5 O-O 9. Be2 c6 10.
O-O cxd5 11. cxd5 Re8 12. Bf4 Nh5 13. Be3 d6 14. Nd4 Nf6 15. Bf3 Nbd7 16. Nc6 Qc8 17.
Rc1 Bxc6 18. dxc6 Ne5 19. Nb5 Nxf3+ 20. Qxf3 Re6 21. Rfd1 d5 22. c7 a6 23. Rxd5 Nxd5 24.
Qxd5 axb5 25. Qxa8 Qxa8 26. c8=Q+ Re8 27. Qc2 h5 28. Bxb6 Bh6 29. Rd1 Qa6 30. Bd4 Qe6 31. g3 h4 32. Bc3 h3 33. f4 Qc4 34. Qd2 Bf8 35. Qd4 Bc5 0-1

[Event "*** Titled Tuesday Blitz"]
[Site "Chess.com"]
[Date "2019.07.02"]
[Round "8"]
[White "IveBeenThroughPain"]
[Black "sebsep"]
[Result "1-0"]
[WhiteElo "2306"]
[BlackElo "2138"]
[TimeControl "180+2"]
[EndTime "14:48:52 PDT"]
[Termination "IveBeenThroughPain won by resignation"]

1. d4 Nf6 2. c4 g6 3. g3 Bg7 4.
Bg2 d6 5. Nf3 O-O 6. O-O Nbd7 7.
Nc3 e5 8. e4 c6 9. h3 Re8 10.
Be3 Qa5 11. Qd2 exd4 12. Nxd4 Nc5 13. Nb3 Nxb3 14. axb3 Qb4 15. Qc2 d5 16. exd5 cxd5 17. cxd5 Bf5 18. Qd1 Ne4 19. Ra4 Nxc3 20. Rxb4 Nxd1 21.
Rxd1 Bxb2 22. Rxb7 Rab8 23. Rxa7 Rxb3 24. d6 Rd8 25. d7 Bf6 26. Bf4 Kg7 27. g4 Be6 28. g5 Bb2 29. Rb1 Kg8 30. Rd1 Kg7 31. Rd2 Bc3 32.
Rd3 Rb1+ 33. Kh2 Bb2 34. h4 h6 35. gxh6+ Kh7 36. Bg5 f6 37. Be3 Bf5 38. Rd2 Bc3 39. Rd5 Rb2 40. Kg3 Be5+ 41. f4 Bb8 42. Ra6 Rxg2+ 43. Kxg2 Be4+ 44. Kg3 Bxd5 45. Rxf6 Be4 46.
Rf7+ Kg8 47. Rg7+ Kf8 48. Bc5+ 1-0

[Event "*** Titled Tuesday Blitz"]
[Site "Chess.com"]
[Date "2019.07.02"]
[Round "8"]
[White "BlueWizzard"]
[Black "Mikhail_Golubev"]
[Result "0-1"]
[WhiteElo "2697"]
[BlackElo "2570"]
[TimeControl "180+2"]
[EndTime "14:48:57 PDT"]
[Termination "Mikhail_Golubev won by resignation"]

1. d4 Nf6 2. Nc3 d5 3. Bg5 e6 4.
e4 Bb4 5. exd5 Qxd5 6. Bxf6 gxf6 7. a3 Bxc3+ 8. bxc3 b6 9. Be2 Nc6 10. Bf3 Qd6 11. Ne2 Bb7 12. c4 O-O-O 13. c3 Na5 14. c5 Qd7 15. Bxb7+ Kxb7 16. Rb1 Rhg8 17. O-O Nc4 18.
Qd3 Qc6 19. f3 Qxc5 20. Rb4 Qg5 21. Qe4+ Kb8 22. f4 Qd5 23. Ng3 Qxe4 24. Nxe4 Ne3 25. Rf2 f5 26. Ng5 Rg7 27. g3 Nd5 28. Rb3 h6 29.
Nh3 Nf6 30. Re2 Ne4 31. Nf2 Nd6 32. Nd3 h5 33. Rg2 Rdg8 34. Rbb2 Nc4 35. Rb4 Ne3 36.
Re2 Nd5 37. Rb5 Nxc3 38. Rbb2 Nxe2+ 39. Rxe2 h4 40. Kg2 hxg3 41. h4 Rg4 42. Ne5 Rxh4 43. Nf3 Rxf4 44. d5 Rxf3 45. dxe6 fxe6 46. Re3 0-1

[Event "*** Titled Tuesday Blitz"]
[Site "Chess.com"]
[Date "2019.07.02"]
[Round "8"]
[White "Berardino"]
[Black "Tjktiger"]
[Result "0-1"]
[WhiteElo "2551"]
[BlackElo "2870"]
[TimeControl "180+2"]
[EndTime "14:48:59 PDT"]
[Termination "Tjktiger won by resignation"]

1. d4 Nf6 2. c4 g6 3. Nc3 d5 4. cxd5 Nxd5 5. e4 Nxc3 6. bxc3 Bg7 7. Be3 c5 8. Nf3 Qa5 9. Qd2 Nc6 10. Rb1 a6 11.
Rc1 cxd4 12. cxd4 Qxd2+ 13. Kxd2 e6 14. Bc4 O-O 15. Ke2 Rd8 16. Rhd1 Bd7 17. d5 exd5 18. Bxd5 Be8 19. Bb6 Rdc8 20. h4 Nb4 21. Bxb7 Rxc1 22. Rxc1 Rb8 23. Rc8 Rxc8 24. Bxc8 Bb5+ 25. Kd2 Nxa2 26.
Nd4 Bf1 27. g3 Nb4 28. Bc5 Nd3 29. Bb6 Nxf2 30. Ke1 Bh3 31. Bxh3 Nxh3 32. Kf1 g5 33. Kg2 Bxd4 34. Bxd4 g4 35. Bb6 Kg7 36. Kf1 Kf6 37.
Ke2 Ke6 38. Kd3 h5 39. Kc4 Ke5 40. Kd3 Kd6 41. Kc4 Kc6 42. Bd4 Kd6 43. Kb4 Ke6 44. Ka5 f5 45. exf5+ Kxf5 46. Kxa6 Ke4 47. Bc5 Kf3 0-1

[Event "*** Titled Tuesday Blitz"]
[Site "Chess.com"]
[Date "2019.07.02"]
[Round "8"]
[White "PIwan"]
[Black "ChessQueen"]
[Result "1-0"]
[WhiteElo "2481"]
[BlackElo "2588"]
[TimeControl "180+2"]
[EndTime "14:49:00 PDT"]
[Termination "PIwan won by checkmate"]

1. c4 e5 2. Nc3 Nf6 3. Nf3 Nc6 4. e3 Bb4 5. Qc2 Bxc3 6. Qxc3 Qe7 7. d4 exd4 8. Nxd4 Nxd4 9. Qxd4 O-O 10. Be2 Rd8 11. Bf3 d6 12. O-O Nd7 13. b3 Ne5 14. Be2 Nc6 15. Qc3 Qg5 16. f4 Qg6 17. Bb2 Bf5 18. Bh5 Qh6 19. g4 f6 20. gxf5 Qxh5 21. e4 Re8 22. Rae1 Re7 23. Re3 Rae8 24. Rg3 Kf8 25. Kh1 Nb8 26. e5 fxe5 27. f6 gxf6 28. Rfg1 Rf7 29. c5 Nc6 30. cxd6 cxd6 31. Ba3 Ke7 32. Qd3 Rd8 33. Rg7 a6 34. Qd5 Kf8 35. Rg8+ Ke7 36.
Rxd8 Kxd8 37. Rg8+ Kc7 38. Bxd6+ Kb6 39. Qc5# 1-0

[Event "*** Titled Tuesday Blitz"]
[Site "Chess.com"]
[Date "2019.07.02"]
[Round "8"]
[White "nitpicker"]
[Black "benhal"]
[Result "0-1"]
[WhiteElo "2244"]
[BlackElo "2412"]
[TimeControl "180+2"]
[EndTime "14:49:01 PDT"]
[Termination "benhal won on time"]

1. e4 c6 2. d4 g6 3. Nc3 Bg7 4. h3 d5 5. Nf3 dxe4 6. Nxe4 Nd7 7. Bc4 Nb6 8. Bb3 Nf6 9. Nxf6+ exf6 10. Qe2+ Qe7 11. Qxe7+ Kxe7 12. Bd2 Rd8 13. Bb4+ Ke8 14. O-O-O Nd5 15. Rhe1+ Be6 16. Ba3 b5 17. Bc5 a5 18.
a4 Bh6+ 19. Kb1 Kd7 20. Nd2 Rdb8 21. axb5 cxb5 22. Ne4 Bg7 23. g3 a4 24. Ba2 b4 25.
Bc4 a3 26. Bb3 f5 27. Ng5 axb2 28. Nxe6 Nc3+ 29. Kxb2 Nxd1+ 30. Rxd1 fxe6 31. Re1 Ra6 32. Bc4 Rc6 33. Kb3 e5 34. Bxb4 Bf8 35. c3 Bxb4 36. cxb4 exd4 37. Ra1 Rd6 38. Ra7+ Kc6 39. Bd3 Rb7 40.
Ra6+ Rb6 41. Ra7 Rd7 42. Ra8 Rdb7 0-1

[Event "*** Titled Tuesday Blitz"]
[Site "Chess.com"]
[Date "2019.07.02"]
[Round "8"]
[White "Komissarov_alex"]
[Black "MikeSailer"]
[Result "0-1"]
[WhiteElo "2107"]
[BlackElo "2070"]
[TimeControl "180+2"]
[EndTime "14:49:04 PDT"]
[Termination "MikeSailer won on time"]

1. e4 d5 2. exd5 Qxd5 3. Nc3 Qd6 4. d4 Nf6 5. Nf3 c6 6. Ne5 Bf5 7. Bf4 Qd8 8. Bc4 e6 9. g4 Bg6 10. h4 Bb4 11. f3 Bxc2 12. Qxc2 Qxd4 13. Qd2 Qc5 14.
a3 Bxc3 15. Qxc3 O-O 16. O-O-O Qb6 17. h5 Na6 18. g5 Nd5 19. Bxd5 cxd5 20. Kb1 Rac8 21.
Qd2 Nc5 22. Be3 Rfd8 23. Nd3 d4 24. Bf4 Nb3 25. Qb4 Qxb4 26. Nxb4 f6 27. Nd3 e5 28. Bg3 Kf7 29. gxf6 gxf6 30. Ka2 Na5 31. Rc1 Nc4 32. b3 Nd2 33. Rxc8 Rxc8 0-1

[Event "*** Titled Tuesday Blitz"]
[Site "Chess.com"]
[Date "2019.07.02"]
[Round "8"]
[White "Witik"]
[Black "HanSchut"]
[Result "1-0"]
[WhiteElo "2525"]
[BlackElo "2209"]
[TimeControl "180+2"]
[EndTime "14:49:06 PDT"]
[Termination "Witik won on time"]

1. d4 Nf6 2. c4 g6 3. Nc3 d5 4.
cxd5 Nxd5 5. e4 Nxc3 6. bxc3 Bg7 7. Bg5 c6 8. Nf3 Bg4 9. Be2 Nd7 10. O-O Qa5 11. Qd2 h6 12. Be3 Rd8 13. a4 e5 14.
Qb2 exd4 15. cxd4 c5 16. Qxb7 Bxf3 17. Bxf3 cxd4 18. Bf4 Be5 19. Bc1 O-O 20. Bxh6 Rfe8 21.
Qb5 Qc7 22. g3 Rb8 23. Qd5 Nb6 24. Qa2 Qd7 25. a5 Nc8 26. Kg2 d3 27. Rad1 Rb2 28. Qd5 Qxd5 29. exd5 Rb3 30. Rfe1 Nd6 31. Re3 Nc4 32.
Rexd3 Rxd3 33. Rxd3 Nxa5 34. Ra3 Nc4 35. Rxa7 Bd4 36. Ra4 Rc8 37. d6 Nxd6 38. Rxd4 Nf5 39. Bg4 1-0